 Dungeon Crawl Stone Soup version 0.29.1-12-g30fa7ad0bf (webtiles) character file.

Game seed: 3366109503585021937

562 hawla the Firebug (level 7, -3/48 (51) HPs)
             Began as a Meteoran Fire Elementalist on Jan 9, 2023.
             Succumbed to a water moccasin's poison
             ... on level 5 of the Dungeon.
             The game lasted 00:06:57 (886 turns).

hawla the Firebug (Meteoran Fire Elementalist)       Turns: 886, Time: 00:06:58

HP:   -3/48 (51)    AC:  6    Str: 10    XL:     7   Next: 89%
MP:   4/15          EV: 13    Int: 18    God:
Gold: 80            SH:  0    Dex: 15    Spells: 9/16 levels left

rFire   . . .      SeeInvis .   b - +0 hand axe (distort)
rCold   . . .      Faith    .   (no shield)
rNeg    . . .      Spirit   .   a - +0 robe
rPois   .          Reflect  .   (no helmet)
rElec   .          Harm     .   (no cloak)
rCorr   .          Rampage  .   c - +3 pair of gauntlets of War {Slay+5}
Will    .....                   (no boots)
Stlth   +.........              (no amulet)
HPRegen 0.16/turn               (no ring)
MPRegen 0.14/turn               (no ring)

@: brilliant, lethally poisoned (-3 -> -35), very slightly contaminated,
glowing, drained
A: sense surroundings 1, otherworldly, glowing, explore regen
a: no special abilities


You were on level 5 of the Dungeon.
You visited 1 branch of the dungeon, and saw 6 of its levels.

You collected 80 gold pieces.

Inventory:

Hand Weapons
 b - a +0 hand axe of distortion (weapon)
Armour
 a - a +0 robe (worn)
 c - the +3 pair of gauntlets of War (worn) {Slay+5}
   (You acquired it on level 4 of the Dungeon)

   Slay:      It affects your accuracy & damage with ranged weapons and melee
   (+5).
Wands
 g - a wand of digging (8)
 l - a wand of mindburst (4)
Scrolls
 e - a scroll of teleportation
 h - a scroll of brand weapon
 i - 2 scrolls of magic mapping
 n - a scroll of noise {unknown}
 o - a scroll of enchant weapon {unknown}
Potions
 d - a potion of lignification
 j - a potion of brilliance
 k - 2 potions of ambrosia {unknown}
 m - a potion of cancellation {unknown}


   Skills:
 + Level 0.5 Fighting
 + Level 2.8 Dodging
 - Level 1.4 Stealth
 + Level 5.0 Spellcasting
 + Level 5.6 Conjurations
 + Level 6.4 Fire Magic


You had 9 spell levels left.
You knew the following spells:

 Your Spells              Type           Power      Damage    Failure   Level
a - Foxfire               Conj/Fire      100%       2x1d9     1%          1
b - Scorch                Fire           82%        2d9       1%          2
c - Flame Wave            Conj/Fire      39%        2d11      11%         4

Your spell library contained the following spells:

 Spells                   Type           Power      Damage    Failure   Level
 Conjure Flame            Conj/Fire      39%        6-21      3%          3
 Inner Flame              Hex/Fire       24%        N/A       11%         3
 Cause Fear               Hex            3%         N/A       78%         4
 Discord                  Hex            3%         N/A       100%        8


Dungeon Overview and Level Annotations

Branches:
Dungeon (6/15) Zot: 2714
 Temple: D:4-7

Altars:
Wu Jian
Yredelemnul

Shops:
D:2 =

Annotations:
D:4 2 runed translucent doors, SirLogeyBear's ghost, amateur HOBe


Innate Abilities, Weirdness & Mutations

You passively map a small area around you.
You are easily found by Zot.
You glow in the dark.
You regain HP and MP as you explore.


Message History

Casting: Flame Wave (dangerous; 11% risk of failure)
Press: ? - help, Dir - look around, f - activate A wave of flame ripples out!
The flame wave engulfs the water moccasin.
The water moccasin is moderately wounded. (Press . to intensify the flame waves.)
You feel very sick. The water moccasin barely misses you.
A wave of flame ripples out!
The flame wave engulfs the water moccasin.
The water moccasin is heavily wounded.
The flame wave engulfs the necrophage!
The necrophage is heavily damaged.
You feel very sick. The water moccasin closely misses you.
The necrophage hits you.
You feel drained.
A wave of flame ripples out!
The flame wave engulfs the water moccasin.
The water moccasin is severely wounded.
The flame wave engulfs the necrophage!
The necrophage is almost destroyed.
You finish channelling waves of flame.
You feel sick. The water moccasin bites you.
You are more poisoned.
The water moccasin poisons you! The necrophage closely misses you.
The water moccasin bites you but does no damage.
You closely miss the water moccasin.
The water moccasin is severely wounded.
You barely miss the necrophage.
You feel extremely sick. The water moccasin bites you!
* * * LOW HITPOINT WARNING * * *
You are more poisoned.
The water moccasin poisons you! The necrophage hits you.
* * * LOW HITPOINT WARNING * * *
You feel drained. The water moccasin bites you.
* * * LOW HITPOINT WARNING * * *
It was a potion of brilliance.
You feel clever all of a sudden.
You die...

*,* ***** **,*#####* *,,,,
,,,,.....###********* *,***
**,,,.......,,,,,,,,# *******,*
**,####..#.########.###,,,,,,,*
,,*...............#...,,,,,,,,***
#*,**#...#...........,,,,,,,,,,,,
..,* #..).........#****,*****,***
*#.####.##......@## *,* *,* *
>,#..........##.Sn# *,* *<*
*#.#..............# *,* *,***
#.....>...#.##...# *,* *,,,,
####.#.####.#...## *,* *****
#,#.# #.#.#.# ***,*** *****,..#
#.#.#.# *,,,,,* ,,,,,...#
#.#.#.#***,,,,,* ****#...#
#.#.*<.,,,,,,,,*


You could see a water moccasin and a necrophage.

Vanquished Creatures
  2 ogres
  3 wights (D:6)
  A hound (D:6)
  2 orc priests
  2 orc wizards (D:4)
  A gnoll (D:6)
  An adder (D:3)
  A worm (D:3)
  3 dart slugs
  10 orcs
  An endoplasm (D:1)
  4 giant cockroaches
  A goblin (D:1)
  2 hobgoblins
  2 quokkas
  4 ball pythons
  A bat (D:1)
  A frilled lizard (D:2)
  A kobold (D:4)
  A rat (D:2)
44 creatures vanquished.

Vanquished Creatures (others)
  103 foxfires
103 creatures vanquished.

Grand Total: 147 creatures vanquished

Notes
Turn   | Place    | Note
-------+----------+-------------------------------------------
     0 | D:1      | hawla the Meteoran Fire Elementalist began the quest for
                  | the Orb.
     0 | D:1      | Reached XP level 1. HP: 14/14 MP: 5/5
    43 | D:1      | Reached XP level 2. HP: 18/20 MP: 2/6
    45 | D:1      | Reached skill level 4 in Fire Magic
    48 | D:1      | Learned a level 2 spell: Scorch
   173 | D:2      | Found Xoirac's Jewellery Shoppe.
   241 | D:3      | Reached XP level 3. HP: 26/26 MP: 2/8
   244 | D:3      | Reached XP level 4. HP: 33/33 MP: 0/10
   291 | D:4      | Reached skill level 5 in Fire Magic
   301 | D:4      | Learned a level 4 spell: Flame Wave
   353 | D:4      | Reached XP level 5. HP: 38/38 MP: 7/11
   360 | D:4      | Reached XP level 6. HP: 26/45 MP: 10/12
   416 | D:4      | Identified a scroll of acquirement
   416 | D:4      | Acquired the +3 pair of gauntlets of War {Slay+5}
   416 | D:4      | Found the +3 pair of gauntlets of War {Slay+5}
   530 | D:4      | Found a runed translucent door.
   535 | D:4      | Noticed SirLogeyBear's ghost (amateur HOBe)
   666 | D:4      | Found a runed translucent door.
   688 | D:4      | Found an ornate altar of the Wu Jian Council.
   698 | D:4      | Found a basalt altar of Yredelemnul.
   782 | D:5      | Entered Level 5 of the Dungeon
   782 | D:5      | You fall into a shaft and drop 1 floor!
   792 | D:6      | Noticed an ogre
   797 | D:6      | Killed an ogre
   798 | D:6      | Reached skill level 5 in Conjurations
   801 | D:6      | Reached XP level 7. HP: 50/50 MP: 2/14
   812 | D:6      | Reached skill level 6 in Fire Magic
   854 | D:5      | Reached skill level 5 in Spellcasting
   876 | D:5      | Noticed a water moccasin
   886 | D:5      | Succumbed to a water moccasin's poison

Illustrated notes

Levels and vault maps discovered:
D:1:      lightli_arrival_noodles, layout_basic
D:2:      layout_basic, serial_shops, nicolae_shop_hallway_stairs,
          chequers_mini_garden, columned_hall_lemuel
D:3:      layout_rooms, minmay_parallelograms, uniq_natasha
D:4:      layout_gridville, mainiacjoe_overflow_large_starburst,
          ebering_ghost_sewer_f
D:5:      layout_loops_ring, gup_sewer_entry_bubbles
D:6:      layout_cave_pools, uniq_maggie, uniq_sigmund

Skill      XL: |  1  2  3  4  5  6  7 |
---------------+----------------------+-----
Fire Magic     | 4 5 6 |  6.4
Spellcasting   | 3 4 5 |  5.0
Conjurations   | 2 4 5 |  5.6
Fighting       | |  0.5
Dodging        | |  2.8
Stealth        | |  1.4

Action                   |  1- 3 |  4- 6 |  7- 9 || total
-------------------------+-------+-------+-------++-------
Melee: Unarmed           |    13 |     4 |       ||    17
       Hand axe          |       |     2 |     4 ||     6
 Cast: Foxfire           |    20 |    32 |    13 ||    65
       Scorch            |     3 |    10 |     2 ||    15
       Flame Wave        |       |     2 |     2 ||     4
  Use: Potion            |       |     1 |     1 ||     2
       Scroll            |       |     2 |     4 ||     6
Armor: Robe              |     3 |       |     4 ||     7
Dodge: Dodged            |     7 |     5 |     8 ||    20
